 Dungeon Crawl Stone Soup version 0.16-a0-3736-g4b94454 (webtiles) character file.

185428 vatarom the Eclecticist (level 17, -2/121 (123) HPs)
             Began as a Mottled Draconian Conjurer on Jan 22, 2015.
             Was the Champion of Vehumet.
             Slain by an eight-headed hydra (9 damage)
             ... while paralysed by a hornet
             ... on level 5 of the Swamp.
             The game lasted 02:35:00 (46740 turns).

vatarom the Eclecticist (DrCj)                     Turns: 46740, Time: 02:35:00

HP:   -2/121 (123)  AC: 18    Str: 10    XL:     17   Next: 81%
MP:   39/47         EV:  2    Int: 25    God:    Vehumet [******]
Gold: 621           SH:  0    Dex: 15    Spells: 13 memorised, 4 levels left

rFire  . . .     SeeInvis .     M - staff of energy
rCold  . . .     Clarity  .     (armour unavailable)
rNeg   . . .     SustAb   .     l - +2 buckler
rPois  .         Gourm    .     s - +2 hat
rElec  .         Spirit   .     K - +2 cloak {+Inv}
rCorr  .         Warding  .     Z - +1 pair of gloves
rMut   .         Stasis   .     X - +1 pair of boots
MR     +....                    (no amulet)
Stlth  ++........               a - ring of magical power
                                g - +3 ring of intelligence

@: paralysed, lethally poisoned, somewhat resistant to hostile enchantments,
unstealthy
A: breathe sticky flames, unfitting armour, hooves 1, agile 1, spit poison 1,
wild magic 1, cold-blooded, AC +9
a: Spit Poison, Breathe Sticky Flame, Renounce Religion, Evoke Invisibility


You were on level 5 of the Swamp.
You worshipped Vehumet.
Vehumet was exalted by your worship.
You were very full.

You visited 5 branches of the dungeon, and saw 33 of its levels.

You collected 2815 gold pieces.
You spent 2194 gold pieces at shops.

Inventory:

Hand weapons
 G - the +7 lajatang of Order {silver, rMut}
   (You found it on level 6 of the Lair of Beasts)

   It protects you from mutation.
Armour
 l - a +2 buckler (worn)
 s - a +2 hat (worn)
 K - a +2 cloak of invisibility (worn)
 X - a +1 pair of boots (worn)
 Z - a +1 pair of gloves (worn)
Magical staves
 H - an uncursed staff of fire
 M - an uncursed staff of energy (weapon)
Jewellery
 a - a ring of magical power (right hand)
 g - a +3 ring of intelligence (left hand)
 o - a cursed ring of ice
 u - an uncursed ring of protection from fire
 D - a cursed amulet of resist corrosion
 E - a cursed +3 ring of dexterity
Magical devices
 c - a wand of digging (11)
 R - a wand of confusion (18)
 V - a wand of cold (9)
 Y - a wand of digging (10)
Scrolls
 f - 4 scrolls of teleportation
 n - 7 scrolls of remove curse
 q - a scroll of noise
 z - a scroll of enchant armour
 F - 8 scrolls of recharging
 O - 17 scrolls of identify
Potions
 i - 8 potions of curing
 j - a potion of agility
 k - 9 potions of brilliance
 p - 2 potions of resistance
 B - 4 potions of restore abilities
 C - 2 potions of might
 I - 3 potions of invisibility
 Q - a potion of ambrosia
 T - a potion of haste
Books
 b - a book of Death

   Spells                             Type                      Level
   a - Corpse Rot                     Necromancy                   2
   b - Sublimation of Blood           Necromancy                   2
   c - Agony                          Necromancy                   5
   d - Dispel Undead                  Necromancy                   5
   e - Excruciating Wounds            Charms/Necromancy            5
   f - Bolt of Draining               Conjuration/Necromancy       5
 y - a book of the Earth

   Spells                             Type                      Level
   a - Leda's Liquefaction            Hexes/Earth                  4
   b - Bolt of Magma                  Conjuration/Fire/Earth       5
   c - Statue Form                    Transmutation/Earth          6
   d - Iron Shot                      Conjuration/Earth            6
   e - Shatter                        Earth                        9
 J - a book of Enchantments

   Spells                             Type                      Level
   a - Tukima's Dance                 Hexes                        3
   b - Cause Fear                     Hexes                        4
   c - Silence                        Hexes/Air                    5
   d - Deflect Missiles               Charms/Air                   6
   e - Haste                          Charms                       6
   f - Discord                        Hexes                        8
 L - a Fen Folio

   Spells                             Type                      Level
   a - Corpse Rot                     Necromancy                   2
   b - Stone Arrow                    Conjuration/Earth            3
   c - Leda's Liquefaction            Hexes/Earth                  4
   d - Summon Forest                  Summoning/Translocation      5
   e - Hydra Form                     Transmutation                6
   f - Summon Hydra                   Summoning                    7
Miscellaneous
 d - a phial of floods
 e - a sack of spiders
 x - a stone of tremors
 U - a legendary deck of wonders {drawn: 2}
Comestibles
 h - 5 meat rations
 A - 7 bread rations
 P - 14 fruits
 S - 2 royal jellies
 W - 3 slices of pizza


   Skills:
 - Level 4.2 Fighting
 - Level 5.2 Dodging
 - Level 1.7 Stealth
 - Level 15.1 Spellcasting
 - Level 15.0 Conjurations
 - Level 9.0 Charms
 - Level 10.2 Summonings
 + Level 12.2 Fire Magic
 - Level 1.0 Earth Magic
 - Level 8.2 Evocations


You had 4 spell levels left.
You knew the following spells:

 Your Spells              Type           Power        Failure   Level  Hunger
a - Magic Dart            Conj           ####         1%          1    None
b - Searing Ray           Conj           ######       1%          2    None
c - Dazzling Spray        Conj/Hex       ######..     1%          3    None
d - Iskenderun's Mystic   Conj           #######.     1%          4    None
e - Haste                 Chrm           #######.     34%         6    None
f - Iskenderun's Battles  Conj/Chrm      #######.     1%          5    None
g - Sandblast             Erth           #####.       2%          1    None
h - Spellforged Servitor  Conj/Summ      #######...   13%         7    None
i - Conjure Flame         Conj/Fire      #######.     1%          3    None
j - Apportation           Tloc           ####......   13%         1    None
k - Summon Small Mammal   Summ           ####         1%          1    None
l - Regeneration          Chrm/Necr      ######....   7%          3    None
m - Fireball              Conj/Fire      #######...   1%          5    None


Dungeon Overview and Level Annotations

Branches:
Dungeon (15/15)            Temple (1/1) D:6            Lair (8/8) D:8
  Swamp (5/5) Lair:3       Spider (0/5) Lair:4        Slime (0/6) Lair:6
    Orc (4/4) D:12            Elf (0/3) Orc:3        Vaults (0/5) D:14
 Depths (0/5) D:15

Altars:
Ashenzari
Cheibriados
Dithmenos
Elyvilon
Fedhas
Gozag
Kikubaaqudgha
Makhleb
Nemelex Xobeh
Okawaru
Qazlal
Ru
Sif Muna
Trog
Vehumet
Xom
Yredelemnul
Zin
The Shining One
Beogh

Shops:
D:13 !   D:14 }   Orc:4 }:*%

Portals:
Trove: D:10 (show abyssal rune of Zot)


Innate Abilities, Weirdness & Mutations

You can spit globs of burning liquid.
You can ignite nearby creatures when you spit burning liquid.
Your weird mottled scales are hard (AC +9).
Your body does not fit into most forms of armour.
Your cold-blooded metabolism reacts poorly to cold.
You have large cloven feet.
You are agile. (Dex +2)
You can spit poison.
Your spells are a little harder to cast, but a little more powerful.


Message History

The eight-headed hydra bites you! The eight-headed hydra bites you.
The eight-headed hydra bites you but does no damage.
The eight-headed hydra bites you. The hornet stings you!
You are poisoned.
You suddenly lose the ability to move!
You feel sick. The eight-headed hydra bites you!
* * * LOW HITPOINT WARNING * * *
The eight-headed hydra bites you but does no damage. x2
The eight-headed hydra bites you!
* * * LOW HITPOINT WARNING * * *
The eight-headed hydra bites you!
* * * LOW HITPOINT WARNING * * *
The eight-headed hydra bites you but does no damage. x3
The hornet stings you but does no damage.
You feel sick.
The hornet stings you but does no damage.
The eight-headed hydra bites you!
* * * LOW HITPOINT WARNING * * *
The eight-headed hydra bites you!
You die...

≈≈≈.≈♣♣≈.♣≈≈.≈≈.
≈≈≈≈≈.§..≈..≈≈≈≈.♣
.≈≈≈≈≈≈≈≈≈≈≈≈≈≈≈≈≈≈
..≈≈≈≈≈≈≈≈.≈≈≈≈§).
♣♣.≈≈≈≈≈≈...♣≈≈≈..
♣≈≈≈≈≈≈≈....≈≈≈≈≈≈
♣.§≈≈≈≈≈♣♣♣≈≈≈≈≈≈≈
♣.≈≈≈§≈.♣ ≈≈≈≈≈
♣≈@y≈≈(♣♣ ≈≈≈≈
♣♣≈D♣♣♣♣ ≈≈≈ ♣♣.♣ ≈
♣♣♣


You could see an eight-headed hydra and a hornet.

Vanquished Creatures
  A thorn hunter (Swamp:4)
  Gastronok (Lair:1)
  2 vault guards (D:14)
  10 hydras
  Fannar (Lair:3)
  Harold (Lair:2)
  3 alligators
  A deep troll shaman (Lair:8)
  4 death yaks
  3 skeletal warriors (D:13)
  A catoblepas (D:14)
  The ghost of kroki the Thrower, an experienced VSBe of Trog (D:10)
  3 swamp dragons
  3 necromancers (D:14)
  A giant orange brain (D:15)
  An ugly thing (D:15)
  4 hill giants
  2 orc knights (Orc:4)
  A hornet (Swamp:1)
  A griffon (Lair:5)
  2 black mambas
  A manticore (D:15)
  Maurice (D:8)
  4 gargoyles
  11 elephants
  21 spiny frogs
  12 komodo dragons
  A guardian mummy (D:13)
  A fire drake (Lair:2)
  3 trolls (D:14)
  A two-headed ogre (D:13)
  2 polar bears
  A polar bear (shapeshifter) (D:15)
  5 giant leeches
  Prince Ribbit (D:9)
  8 blink frogs
  3 ravens
  3 baby alligators (Swamp:1)
  6 slime creatures
  A basilisk (Lair:5)
  7 bog bodies
  A yak (shapeshifter) (D:15)
  A redback (Lair:4)
  37 yaks
  3 wraiths
  3 fire bats (Orc:4)
  The ghost of B1inky the Transmogrifier, an average SpTm of Cheibriados (D:4)
  A steam dragon (D:11)
  3 spriggans
  10 hippogriffs
  14 vampire mosquitoes
  20 wolves
  Eustachio (D:6)
  2 shadows
  12 humans (D:14)
  17 swamp worms
  A mottled dragon (D:13)
  Edmund (D:9)
  9 insubstantial wisps
  25 water moccasins
  13 porcupines
  22 orc warriors
  4 swamp drakes
  3 sky beasts
  An eye of draining (D:12)
  9 ice beasts
  3 necrophages
  10 ogres
  4 black bears
  5 wasps
  9 centaurs
  A phantom (D:5)
  15 crocodiles
  A big kobold (D:4)
  An elf zombie (D:10)
  A wyvern zombie (D:14)
  A gnoll sergeant (D:7)
  19 giant frogs
  A scorpion (D:6)
  3 wights (D:13)
  17 killer bees
  3 electric eels (Lair:2)
  4 goliath beetles
  3 centaur skeletons
  9 crimson imps
  5 centaur zombies
  4 human zombies
  6 jellies
  12 orc priests
  5 hell rats (Lair:6)
  17 hounds
  12 iguanas
  20 orc wizards
  14 worker ants
  Ijyb (D:3)
  28 sheep
  5 mummies
  2 hound skeletons
  A worker ant zombie (D:5)
  22 adders
  9 gnolls
  28 river rats
  2 giant mites
  3 worms
  2 adder zombies
  12 giant geckos
  9 oozes
  101 orcs
  2 ball pythons (D:1)
  18 bats
  A bat zombie (D:7)
  8 giant cockroaches
  18 goblins
  17 hobgoblins
  8 jackals
  15 quokkas
  7 giant newts
  A giant spore (D:14)
  A jackal skeleton (D:7)
  14 kobolds
  24 rats
  7 fungi
  3 plants
928 creatures vanquished.

Vanquished Creatures (collateral kills)
  3 thorn hunters
  Maud (D:14)
  2 orc warlords (Orc:4)
  2 spellforged servitors (D:14)
  4 hydras
  A rakshasa (D:15)
  A ghost crab (Swamp:2)
  3 alligators
  5 death yaks
  2 centaur warriors (D:14)
  6 spriggans
  6 skeletal warriors (D:13)
  A catoblepas (Lair:8)
  2 hill giants
  2 orc knights
  An orc sorcerer (Orc:4)
  2 swamp dragons
  A hornet (Swamp:1)
  A manticore (D:15)
  5 elephants
  9 ugly things
  2 centaur zombies
  A guardian serpent (shapeshifter) (D:15)
  2 gargoyles
  3 spiny frogs (Lair:8)
  A centaur skeleton (D:13)
  A kobold demonologist (D:11)
  3 guardian mummies (D:13)
  5 trolls
  4 komodo dragons
  2 two-headed ogres
  2 blink frogs (Lair:8)
  3 giant leeches (Swamp:3)
  A wind drake (shapeshifter) (D:15)
  A boulder beetle (Orc:1)
  A baby alligator (Swamp:1)
  A bog body (Swamp:4)
  6 slime creatures
  A harpy skeleton (D:15)
  A basilisk (Lair:8)
  A yak (Lair:4)
  A centaur simulacrum (D:15)
  A trapdoor spider (D:14)
  7 humans (D:14)
  3 shadows
  A wraith (D:10)
  3 wargs (Orc:4)
  16 vampire mosquitoes
  2 hippogriffs (D:15)
  4 wolves
  An insubstantial wisp (Swamp:1)
  4 water moccasins
  A porcupine (Lair:4)
  4 swamp worms
  26 orc warriors
  An ice beast (D:13)
  5 wasps
  13 centaurs
  An ogre (Orc:3)
  4 crocodiles
  An elf zombie (D:10)
  8 wights
  A killer bee (D:11)
  A hound (D:12)
  3 crimson imps
  7 human zombies
  A jelly (D:13)
  7 orc priests
  12 orc wizards
  7 sheep
  2 mummies
  4 river rats (Lair:8)
  4 adders
  74 orcs
  3 goblins
  An orc skeleton (D:10)
  8 briar patches
  A fungus (Lair:8)
  A plant (Lair:8)
346 creatures vanquished.

Vanquished Creatures (others)
  10 spellforged servitors
  A yaktaur (D:14)
  A scorpion (D:15)
  33 fulminant prisms
  An orc (Orc:4)
  7 fungi
  6 plants
59 creatures vanquished.

Grand Total: 1333 creatures vanquished

Notes
Turn   | Place    | Note
--------------------------------------------------------------
     0 | D:1      | vatarom, the Draconian Conjurer, began the quest for the Orb.
     0 | D:1      | Reached XP level 1. HP: 14/14 MP: 3/3
   349 | D:1      | Reached XP level 2. HP: 11/20 MP: 5/5
   484 | D:1      | Learned a level 2 spell: Searing Ray
   811 | D:1      | Reached XP level 3. HP: 16/26 MP: 8/8
   933 | D:1      | Learned a level 3 spell: Dazzling Spray
  2092 | D:3      | Reached XP level 4. HP: 33/33 MP: 11/11
  2488 | D:3      | Reached XP level 5. HP: 35/38 MP: 3/13
  2521 | D:3      | Noticed Ijyb
  2522 | D:3      | Reached skill level 5 in Conjurations
  2531 | D:3      | Killed Ijyb
  2557 | D:3      | Learned a level 4 spell: Iskenderun's Mystic Blast
  2950 | D:3      | Found an iron altar of Okawaru.
  3052 | D:3      | Reached skill level 6 in Conjurations
  3086 | D:3      | Reached XP level 6. HP: 28/45 MP: 11/15
  3463 | D:4      | Reached skill level 7 in Conjurations
  3605 | D:4      | Noticed B1inky's ghost (average SpTm)
  4050 | D:4      | Your scales start taking on a weird mottled pattern.
  4050 | D:4      | Reached XP level 7. HP: 35/50 MP: 2/17
  4345 | D:4      | Got a vibrating amber ring
  4346 | D:4      | Identified the ring "Shreiseh" {-Cast +Blink +Inv rPois+ rF++ MR+ Dex-3} (You took it off a hobgoblin on level 4 of the Dungeon)
  4384 | D:4      | Killed B1inky's ghost
  4384 | D:4      | Reached skill level 8 in Conjurations
  4456 | D:4      | Learned a level 4 spell: Fulminant Prism
  5267 | D:5      | Entered Level 5 of the Dungeon
  5292 | D:5      | Reached skill level 9 in Conjurations
  5764 | D:5      | Reached XP level 8. HP: 53/57 MP: 18/18
  6022 | D:5      | Found a bloodstained altar of Trog.
  6023 | D:5      | Found a shadowy altar of Dithmenos.
  6023 | D:5      | Found a sparkling altar of Nemelex Xobeh.
  6024 | D:5      | Found a glowing golden altar of the Shining One.
  6025 | D:5      | Found a shimmering altar of Xom.
  6027 | D:5      | Found a basalt altar of Yredelemnul.
  6028 | D:5      | Found a burning altar of Makhleb.
  6183 | D:6      | Found a staircase to the Ecumenical Temple.
  6236 | Temple   | Entered the Ecumenical Temple
  6315 | Temple   | Became a worshipper of Vehumet
  6380 | D:6      | Reached skill level 10 in Conjurations
  6661 | D:6      | Reached skill level 5 in Spellcasting
  7033 | D:6      | Gained mutation: You are agile. (Dex +2) [mutagenic meat]
  7229 | D:6      | Learned a level 5 spell: Iskenderun's Battlesphere
  7285 | D:6      | Acquired Vehumet's first power
  7285 | D:6      | Offered knowledge of Sandblast by Vehumet.
  7285 | D:6      | Reached XP level 9. HP: 54/62 MP: 11/23
  7286 | D:6      | Noticed Eustachio
  7305 | D:6      | Killed Eustachio
  7922 | D:6      | Learned a level 1 spell: Sandblast
  8153 | D:7      | Offered knowledge of Throw Flame by Vehumet.
  8173 | D:7      | Learned a level 2 spell: Throw Flame
  8354 | D:7      | Reached skill level 1 in Fire Magic
  8639 | D:8      | Found a staircase to the Lair.
  8640 | D:8      | Noticed a komodo dragon
  8704 | D:8      | Killed a komodo dragon
  8704 | D:8      | Reached skill level 5 in Fire Magic
  9229 | D:8      | Reached XP level 10. HP: 69/69 MP: 24/27
  9277 | D:8      | Offered knowledge of Conjure Flame by Vehumet.
  9326 | D:8      | Learned a level 3 spell: Conjure Flame
  9775 | D:8      | Noticed Maurice
  9791 | D:8      | Killed Maurice
  9866 | D:8      | Acquired Vehumet's second power
 10407 | D:9      | Reached skill level 1 in Evocations
 10697 | D:9      | Offered knowledge of Airstrike by Vehumet.
 10829 | D:9      | Noticed Prince Ribbit
 10833 | D:9      | Noticed Edmund
 10835 | D:9      | Killed Prince Ribbit
 10838 | D:9      | Killed Edmund
 11111 | D:9      | Reached skill level 5 in Evocations
 11511 | D:10     | Entered Level 10 of the Dungeon
 11531 | D:10     | Learned a level 1 spell: Apportation
 11722 | D:10     | Acquired Vehumet's third power
 11725 | D:10     | Reached skill level 1 in Fighting
 11855 | D:10     | Offered knowledge of Sticky Flame by Vehumet.
 12001 | D:10     | Noticed kroki's ghost (experienced VSBe)
 12005 | D:10     | Killed kroki's ghost
 12207 | D:10     | Reached XP level 11. HP: 77/84 MP: 1/29
 12403 | Lair:1   | Entered Level 1 of the Lair of Beasts
 12432 | Lair:1   | Reached skill level 10 in Spellcasting
 13001 | Lair:1   | Reached skill level 11 in Spellcasting
 13002 | Lair:1   | Offered knowledge of Spellforged Servitor by Vehumet.
 13339 | D:10     | Learned a level 1 spell: Summon Small Mammal
 13661 | Lair:1   | Reached skill level 1 in Summonings
 13995 | Lair:1   | Noticed Gastronok
 14013 | Lair:1   | Killed Gastronok
 14339 | Lair:2   | Learned a level 7 spell: Spellforged Servitor
 14421 | Lair:2   | Reached skill level 12 in Spellcasting
 14421 | Lair:2   | Reached skill level 1 in Earth Magic
 14827 | Lair:2   | Noticed Harold
 14871 | Lair:2   | Killed Harold
 15040 | Lair:2   | Identified a scroll of acquirement
 15041 | Lair:2   | Identified Blowaw's Disquisition on the Escort (You acquired it on level 2 of the Lair of Beasts)
 15347 | Lair:2   | Reached XP level 12. HP: 91/91 MP: 16/32
 16009 | Lair:3   | Drew Focus: Int increased to 20, Str decreased to 11
 16013 | Lair:3   | Drew Focus: Int increased to 21, Str decreased to 10
 16058 | Lair:3   | Reached skill level 1 in Charms
 16330 | Lair:3   | Reached skill level 5 in Summonings
 16511 | Lair:3   | Found a staircase to the Swamp.
 16698 | Lair:3   | Noticed Fannar
 16740 | Lair:3   | Killed Fannar
 18078 | Lair:4   | Found a hole to the Spider Nest.
 18850 | Lair:5   | Noticed a six-headed hydra
 18858 | Lair:5   | Killed a six-headed hydra
 19059 | Lair:5   | Learned a level 3 spell: Regeneration
 19091 | Lair:5   | Offered knowledge of Ozocubu's Refrigeration by Vehumet.
 19598 | Lair:5   | Reached skill level 5 in Charms
 20054 | Lair:5   | Noticed a seven-headed hydra
 20058 | Lair:5   | Killed a seven-headed hydra
 20058 | Lair:5   | Reached XP level 13. HP: 96/96 MP: 25/33
 21107 | Lair:6   | Reached skill level 10 in Summonings
 21407 | Lair:6   | Found a staircase to the Slime Pits.
 23325 | Lair:7   | Found a snail-covered altar of Cheibriados.
 23948 | Lair:8   | Entered Level 8 of the Lair of Beasts
 24269 | Lair:8   | Reached skill level 13 in Spellcasting
 24357 | Lair:8   | Offered knowledge of Bolt of Cold by Vehumet.
 25138 | Lair:8   | Reached XP level 14. HP: 22/104 MP: 14/34
 27313 | D:10     | Found a portal to a secret trove of treasure.
 27590 | D:10     | Found an ancient bone altar of Kikubaaqudgha.
 28492 | D:11     | Gained mutation: You can spit poison. [potion of mutation]
 28492 | D:11     | Gained mutation: You have large cloven feet. [potion of mutation]
 28492 | D:11     | Gained mutation: Your spells are a little harder to cast, but a little more powerful. [potion of mutation]
 28629 | D:11     | Offered knowledge of Fireball by Vehumet.
 29234 | D:12     | Found a staircase to the Orcish Mines.
 30262 | Orc:1    | Entered Level 1 of the Orcish Mines
 30632 | Orc:1    | Learned a level 5 spell: Fireball
 31294 | Orc:3    | Offered knowledge of Conjure Ball Lightning by Vehumet.
 31695 | Orc:3    | Found a staircase to the Elven Halls.
 31748 | Orc:3    | Found a roughly hewn altar of Beogh.
 31982 | Orc:4    | Entered Level 4 of the Orcish Mines
 32170 | Orc:4    | Noticed an orc warlord
 32181 | Orc:4    | Killed an orc warlord
 32773 | Orc:4    | Noticed an orc warlord
 32779 | Orc:4    | Killed an orc warlord
 32954 | Orc:4    | Offered knowledge of Delayed Fireball by Vehumet.
 33021 | Orc:4    | Reached skill level 14 in Spellcasting
 33681 | Orc:4    | Found Fovynli's Assorted Antiques.
 33681 | Orc:4    | Found Dessorhe's Book Emporium.
 33686 | Orc:4    | Found Blacar's Gadget Shoppe.
 33687 | Orc:4    | Found Ghuigroo's Food Boutique.
 33692 | Orc:4    | Bought a scroll of teleportation for 69 gold pieces
 33695 | Orc:4    | Bought a phial of floods for 560 gold pieces
 33700 | Orc:4    | Bought a beef jerky for 15 gold pieces
 33700 | Orc:4    | Bought a bread ration for 50 gold pieces
 33700 | Orc:4    | Bought a meat ration for 50 gold pieces
 33700 | Orc:4    | Bought a meat ration for 50 gold pieces
 33997 | D:13     | Found Ytuo's Distillery.
 34000 | D:13     | Bought a potion of experience for 850 gold pieces
 34000 | D:13     | Reached skill level 5 in Dodging
 34000 | D:13     | Reached XP level 15. HP: 110/110 MP: 36/36
 34634 | D:13     | Offered knowledge of Orb of Destruction by Vehumet.
 35473 | D:14     | Found Kheoren's Gadget Shop.
 36088 | D:14     | Reached XP level 16. HP: 105/116 MP: 33/37
 36134 | D:14     | Noticed Maud
 36144 | D:14     | Killed Maud
 36845 | D:14     | Found a gate to the Vaults.
 37059 | D:15     | Entered Level 15 of the Dungeon
 37208 | D:15     | Offered knowledge of Lehudib's Crystal Spear by Vehumet.
 37208 | D:15     | Offered knowledge of Fire Storm by Vehumet.
 37208 | D:15     | Offered knowledge of Glaciate by Vehumet.
 37313 | D:15     | Reached skill level 10 in Fire Magic
 37313 | D:15     | Reached XP level 17. HP: 123/123 MP: 38/38
 37507 | D:15     | Reached skill level 15 in Spellcasting
 37896 | D:15     | Identified a cursed +1 rod of the swarm (11/11) (You found it on level 15 of the Dungeon)
 38580 | D:15     | Found a staircase to the Depths.
 39374 | Swamp:1  | Entered Level 1 of the Swamp
 39723 | Swamp:1  | Reached skill level 15 in Conjurations
 40031 | Orc:4    | Bought a book of Enchantments for 550 gold pieces
 40038 | Orc:4    | Learned a level 6 spell: Haste
 44059 | Swamp:4  | HP: 6/121 [poison (poison gas)]
 44065 | Swamp:4  | HP: 5/121 [poison (poison gas)]
 44071 | Swamp:4  | HP: 5/121 [poison (poison gas)]
 44079 | Swamp:4  | HP: 5/121 [poison (poison gas)]
 45688 | Swamp:5  | Entered Level 5 of the Swamp
 46738 | Swamp:5  | Paralysed by a hornet for 3 turns
 46740 | Swamp:5  | Slain by an eight-headed hydra

Action                   |  1- 3 |  4- 6 |  7- 9 | 10-12 | 13-15 | 16-18 || total
-------------------------+-------+-------+-------+-------+-------+-------++-------
Melee: Dagger            |    16 |       |       |       |       |       ||    16
       Spear             |    97 |   139 |   305 |    61 |       |       ||   602
       Unarmed           |     1 |       |       |       |       |       ||     1
       Staff             |       |       |       |    82 |   122 |    13 ||   217
       Lajatang          |       |       |       |       |    76 |     2 ||    78
 Cast: Magic Dart        |     5 |    18 |    43 |    62 |    17 |       ||   145
       Dazzling Spray    |     2 |    15 |    25 |    27 |    85 |    39 ||   193
       Searing Ray       |     2 |     7 |     2 |     4 |     1 |       ||    16
       Iskenderun's Myst |       |     2 |    61 |   345 |   501 |   251 ||  1160
       Fulminant Prism   |       |       |     5 |    22 |     5 |     1 ||    33
       Iskenderun's Batt |       |       |     7 |    44 |    48 |    14 ||   113
       Conjure Flame     |       |       |       |     2 |       |       ||     2
       Throw Flame       |       |       |       |     2 |       |       ||     2
       Spellforged Servi |       |       |       |     9 |    89 |    58 ||   156
       Regeneration      |       |       |       |       |     4 |       ||     4
       Fireball          |       |       |       |       |     8 |    12 ||    20
       Sandblast         |       |       |       |       |     1 |     1 ||     2
       Haste             |       |       |       |       |       |    13 ||    13
 Abil: Breathe Sticky Fl |       |       |    11 |    15 |     9 |     5 ||    40
       Evoke Invisibilit |       |       |       |       |     1 |     1 ||     2
Evoke: Staff of energy   |       |       |       |     9 |     8 |     5 ||    22
       Deck              |       |       |       |     2 |       |       ||     2
       Stone of tremors  |       |       |       |       |     1 |       ||     1
       Rod               |       |       |       |       |       |     2 ||     2
       Wand              |       |       |       |       |       |     1 ||     1
  Use: Scroll            |     6 |     3 |     9 |    12 |     8 |    11 ||    49
       Potion            |     3 |     5 |     6 |     7 |     8 |     4 ||    33
 Stab: Sleeping          |     2 |     1 |     4 |     3 |       |       ||    10
       Distracted        |     1 |       |     2 |     1 |     1 |       ||     5
       Invisible         |       |     2 |     3 |       |       |       ||     5
  Eat: Bread ration      |     1 |     2 |     3 |     2 |     1 |     5 ||    14
       Chunk             |       |     2 |     4 |     5 |     2 |       ||    13
       Meat ration       |       |       |     2 |     1 |     9 |     1 ||    13
       Beef jerky        |       |       |     2 |       |     1 |     5 ||     8
       Royal jelly       |       |       |       |     9 |     1 |       ||    10
       Fruit             |       |       |       |       |       |     1 ||     1
       Pizza             |       |       |       |       |       |     1 ||     1
